 Dungeon Crawl Stone Soup version 0.20-a0-830-g2c9a30d (webtiles) character file.

1089 M4edhros the Covert (level 8, -1/48 HPs)
             Began as an Octopode Artificer on Mar 7, 2017.
             Slain by an orc priest
             ... wielding a +0 rapier
              (6 damage)
             ... on level 7 of the Dungeon.
             The game lasted 00:05:46 (2594 turns).

M4edhros the Covert (Octopode Artificer)            Turns: 2594, Time: 00:05:46

Health: -1/48      AC:  1    Str: 11    XL:     8   Next: 30%
Magic:  10/10      EV: 13    Int: 13    God:
Gold:   165        SH:  0    Dex: 15    Spells: 7/7 levels left

rFire    . . .     SeeInvis .   s - +2 scythe (flame)
rCold    . . .     Gourm    .   (shield currently unavailable)
rNeg     . . .     Faith    .   (helmet restricted)
rPois    .         Spirit   .   (no amulet)
rElec    .         Reflect  .   (no ring)
rCorr    .         Harm     .   (no ring)
MR       .....                  (no ring)
Stlth    ++++++....             (no ring)
Regen    0.2/turn               (no ring)
MPRegen  0.2/turn               (no ring)
                                (no ring)
                                (no ring)

@: no status effects
A: almost no armour, stealthy swim, amphibious, 8 rings, constrict 8, camouflage
1, gelatinous body 1
a: no special abilities


You were on level 7 of the Dungeon.
You were very hungry.

You visited 1 branch of the dungeon, and saw 7 of its levels.

You collected 165 gold pieces.

Inventory:

Hand Weapons
 a - a +0 short sword
 s - a +2 scythe of flaming (weapon)
Missiles
 e - 98 stones (quivered)
 m - 34 sling bullets
 n - 3 javelins
Jewellery
 h - an uncursed amulet of regeneration {unknown}
Wands
 b - a wand of flame (0/48)
 c - a wand of enslavement (2/24)
 d - a wand of random effects (7/48)
 t - a wand of clouds (3/9)
Scrolls
 j - a scroll of identify {unknown}
 k - a scroll of fog {unknown}
 o - a scroll of teleportation {unknown}
Comestibles
 f - 6 bread rations
 i - 3 royal jellies
 l - a meat ration


   Skills:
 - Level 1.0 Fighting
 - Level 1.0 Short Blades
 - Level 2.0 Dodging
 + Level 13.0 Stealth
 - Level 3.2 Evocations


You had 7 spell levels left.
You didn't know any spells.

Dungeon Overview and Level Annotations

Branches:
Dungeon (7/15)
 Temple: D:4-7

Altars:
Trog
Xom

Annotations:
D:3 zhorgal's ghost, amateur GrEE
D:4 Aksej's ghost, amateur DsMo
D:6 M4edhros's ghost, novice OpAr


Innate Abilities, Weirdness & Mutations

You cannot wear most types of armour.
You are very stealthy in the water. (Stealth+)
You are amphibious.
You can wear up to eight rings at the same time.
You can use your tentacles to constrict eight enemies at once.
Your skin changes colour to match your surroundings (Stealth+).
Your rubbery body absorbs attacks. (AC +1, EV +1)


Message History

You reach to attack!
The orc shouts!
The orc priest shouts!
You hit the orc. You burn the orc.
The orc is almost dead.
The orc priest calls down the wrath of Beogh upon you.
Beogh smites you! The orc closely misses you.
You hit the orc. You burn the orc.
You kill the orc!
The orc hits you with a long sword!
You are too injured to fight recklessly!
You closely miss the orc. You grab the orc. You constrict the orc.
The orc closely misses you. The orc hits you with a long sword.
* * * LOW HITPOINT WARNING * * *
You hit the orc. You burn the orc. You squeeze the orc.
You kill the orc!
The orc priest hits you with a rapier!
* * * LOW HITPOINT WARNING * * *
You hit the orc priest but do no damage.
Your grab misses the orc priest. The orc priest hits you with a rapier.
You die...

#. ##ยง......
#.##........
##..)#..###..
##.....#..#
#.......#...
#.......####..
#.......# .
##...o.##
##..)@.## .#
#.......# .#
#.......####.###.#
#.................
##.....#.........#
##...##.........#
######.........#
#.........#
#########
#..........


You could see an orc priest.

Vanquished Creatures
  Prince Ribbit (D:5)
  Sigmund (D:5)
  A spriggan (D:7)
  A yak (D:7)
  A bullfrog (D:7)
  A scorpion (D:4)
  2 crimson imps
  2 hounds (D:4)
  A worker ant (D:7)
  A gnoll (D:1)
  2 adders (D:2)
  An ooze (D:1)
  3 dart slugs
  2 leopard geckos
  8 orcs
  3 giant cockroaches
  3 hobgoblins
  2 jackals (D:1)
  3 kobolds
  A quokka (D:5)
  A frilled lizard (D:2)
  2 rats
43 creatures vanquished.

Vanquished Creatures (collateral kills)
  A yak (D:7)
  A crimson imp (D:7)
  An orc priest (D:7)
  An adder (D:7)
  A shadow imp (D:7)
  2 orcs (D:7)
7 creatures vanquished.

Vanquished Creatures (others)
  A yak (D:7)
  A worker ant (D:4)
2 creatures vanquished.

Grand Total: 52 creatures vanquished

Notes
Turn   | Place    | Note
-------+----------+-------------------------------------------
     0 | D:1      | M4edhros the Octopode Artificer began the quest for the Orb.
     0 | D:1      | Reached XP level 1. HP: 13/13 MP: 3/3
    39 | D:1      | Reached skill level 3 in Stealth
    39 | D:1      | Reached XP level 2. HP: 9/18 MP: 4/4
   338 | D:1      | Reached skill level 4 in Stealth
   385 | D:1      | Reached XP level 3. HP: 23/23 MP: 5/5
   443 | D:2      | Found a shimmering altar of Xom.
   444 | D:2      | Found a shimmering altar of Xom.
   444 | D:2      | Found a shimmering altar of Xom.
   450 | D:2      | Reached skill level 5 in Stealth
   451 | D:2      | Found a shimmering altar of Xom.
   451 | D:2      | Found a shimmering altar of Xom.
   536 | D:3      | Noticed zhorgal's ghost (amateur GrEE)
   537 | D:3      | Found a bloodstained altar of Trog.
   618 | D:4      | Noticed a scorpion
   620 | D:4      | Reached XP level 4. HP: 28/28 MP: 6/6
   621 | D:4      | Reached skill level 6 in Stealth
   628 | D:4      | Reached skill level 7 in Stealth
   628 | D:4      | Reached XP level 5. HP: 22/33 MP: 7/7
   654 | D:4      | Noticed a phantom
   969 | D:4      | Noticed Aksej's ghost (amateur DsMo)
  1236 | D:5      | Entered Level 5 of the Dungeon
  1292 | D:5      | Noticed Sigmund
  1293 | D:5      | Noticed Prince Ribbit
  1302 | D:5      | Killed Sigmund
  1302 | D:5      | Reached skill level 9 in Stealth
  1302 | D:5      | Reached XP level 6. HP: 9/38 MP: 8/8
  1604 | D:5      | Killed Prince Ribbit
  1604 | D:5      | Reached skill level 10 in Stealth
  1604 | D:5      | Reached XP level 7. HP: 14/43 MP: 9/9
  1841 | D:6      | Noticed M4edhros's ghost (novice OpAr)
  1929 | D:7      | Noticed a yak
  1930 | D:7      | Noticed a yak
  1933 | D:7      | Noticed a yak
  1944 | D:7      | Killed a yak
  1944 | D:7      | Reached skill level 11 in Stealth
  1971 | D:7      | Killed a yak
  1971 | D:7      | Reached skill level 12 in Stealth
  1971 | D:7      | Reached XP level 8. HP: 7/48 MP: 10/10
  1978 | D:7      | HP: 1/48 [crimson imp (4)]
  2026 | D:7      | HP: 1/48 [bullfrog (3)]
  2380 | D:7      | Noticed a spriggan baker
  2384 | D:7      | Killed a spriggan baker
  2384 | D:7      | Reached skill level 13 in Stealth
  2594 | D:7      | Slain by an orc priest

Vault maps used:
D:1:      minmay_arrival_loop
D:2:      xom_redecorated, first_bread, chequers_ecumenical_altar_twisty,
          item_on_display_a
D:3:      overflow_temple_1_default, elyvilon_altar_5, uniq_terence
D:4:      minmay_temple_entry_statues_pillars
D:5:      nemelex_lonely_heart_becter, uniq_sigmund, uniq_prince_ribbit1
D:6:      gammafunk_temple_overflow_pools, kennysheep_windowed_goal
D:7:      lemuel_crystal_altar, the_bakery

Skill      XL: |  1  2  3  4  5  6  7  8 |
---------------+-------------------------+-----
Stealth        | 3 4 5 7 9 10 12 13 | 13.0
Fighting       | |  1.0
Short Blades   | |  1.0
Dodging        | |  2.0
Evocations     | |  3.2

Action                   |  1- 3 |  4- 6 |  7- 9 || total
-------------------------+-------+-------+-------++-------
Melee: Short sword       |    37 |    30 |       ||    67
       Constrict         |     9 |    12 |     3 ||    24
       Tentacles         |    10 |    10 |     2 ||    22
       Scythe            |       |     2 |    37 ||    39
Evoke: Wand              |     5 |    13 |    18 ||    36
  Use: Potion            |       |     2 |     3 ||     5
       Scroll            |       |       |     5 ||     5
 Stab: Sleeping          |     5 |     1 |     1 ||     7
  Eat: Chunk             |       |     2 |     2 ||     4
Armor: Skin              |     3 |     1 |    54 ||    58
Dodge: Dodged            |    26 |    23 |    12 ||    61
